 Dungeon Crawl Stone Soup version 0.28.0-53-g5a82cb258f (webtiles) character file.

Game seed: 13665718155908152230

30 safid the Digger (level 3, 0/20 HPs)
             Began as a Gargoyle Earth Elementalist on Sept 1, 2022.
             Hit by a goblin thrown by Robin (1 damage)
             ... on level 2 of the Dungeon.
             The game lasted 00:01:33 (1865 turns).

safid the Digger (Gargoyle Earth Elementalist)      Turns: 1865, Time: 00:01:33

Health: 0/20       AC:  5    Str: 11    XL:     3   Next: 18%
Magic:  3/6        EV: 12    Int: 17    God:
Gold:   59         SH:  0    Dex: 10    Spells: 5/6 levels left

rFire   . . .      SeeInvis .   a - +0 hand axe
rCold   . . .      Faith    .   (no shield)
rNeg    + . .      Spirit   .   b - +0 robe
rPois   ∞          Reflect  .   (no helmet)
rElec   +          Harm     .   (no cloak)
rCorr   .          Rampage  .   (no gloves)
Will    .....                   (no boots)
Stlth   ++........              (no amulet)
HPRegen 0.06/turn               (no ring)
MPRegen 0.10/turn               (no ring)

@: no status effects
A: sickness immunity, AC +3, negative energy resistance 1, electricity
resistance, torment resistance 1, petrification resistance
a: no special abilities


You were on level 2 of the Dungeon.
You visited 1 branch of the dungeon, and saw 2 of its levels.
You visited the Abyss 1 time.

You collected 59 gold pieces.

Inventory:

Hand Weapons
 a - a +0 hand axe (weapon)
Missiles
 c - 68 stones
Armour
 b - a +0 robe (worn)
Scrolls
 f - a scroll of teleportation {unknown}
 g - a scroll of noise {unknown}
Potions
 d - a potion of ambrosia {unknown}
 e - a potion of flight {unknown}


   Skills:
 + Level 1.2 Fighting
 - Level 2.0 Dodging
 - Level 2.1 Stealth
 + Level 2.3 Spellcasting
 - Level 1.0 Transmutations
 + Level 4.0 Earth Magic


You had 5 spell levels left.
You knew the following spells:

 Your Spells              Type           Power      Damage    Failure   Level
a - Sandblast             Erth           30%        2d9       3%          1

Your spell library contained the following spells:

 Spells                   Type           Power      Damage    Failure   Level
 Passwall                 Tmut/Erth      8%         N/A       10%         2
 Stone Arrow              Conj/Erth      16%        3d8       24%         3
 Petrify                  Tmut/Erth      10%        N/A       54%         4


Dungeon Overview and Level Annotations

Branches:
Dungeon (2/15)

Altars:

Annotations:
D:2 Robin


Innate Abilities, Weirdness & Mutations

You are immune to sickness and miasma.
Your stone body is resilient. (AC +3)
You are immune to poison.
You resist negative energy. (rN+)
You are resistant to electric shocks. (rElec)
You are resistant to unholy torment.
You are immune to petrification.


Message History

The goblin misses you. The hobgoblin misses you.
You barely miss the goblin. You hit the hobgoblin.
The goblin hits you but does no damage. The hobgoblin hits you.
* * * LOW HITPOINT WARNING * * *
Robin says, "Duck!"
The hobgoblin barely misses you. The goblin hits you with a +0 dagger.
* * * LOW HITPOINT WARNING * * *
You hit the goblin but do no damage. You hit the hobgoblin.
You kill the hobgoblin!
Robin says, "A pitiful Gargoyle like you will never find the ORB!"
The goblin hits you but does no damage.
Unknown command.
Casting: Sandblast (safe; 3% risk of failure)
Confirm with . or Enter, or press ? or * to list all spells.
Aiming: Sandblast (safe; 3% risk of failure)
Press: ? - help, Shift-Dir - straight line, f - goblin
Aim: a goblin, wielding a +0 club (strong, 74% to hit)
The blast of sand hits the goblin!
You kill the goblin!
Robin throws the goblin at you! The goblin barely misses you.
Training target 2.0 for Dodging reached!
Your Dodging skill increases to level 2!
Casting: Sandblast (safe; 3% risk of failure)
Confirm with . or Enter, or press ? or * to list all spells.
Aiming: Sandblast (safe; 3% risk of failure)
Press: ? - help, Shift-Dir - straight line, f - goblin
Aim: a goblin, wielding a +0 club (strong, 74% to hit)
The blast of sand hits the goblin!
You kill the goblin!
The goblin hits you but does no damage.
Unknown command.
Casting: Sandblast (safe; 3% risk of failure)
Confirm with . or Enter, or press ? or * to list all spells.
Aiming: Sandblast (safe; 3% risk of failure)
Press: ? - help, Shift-Dir - straight line, f - goblin
Aim: a goblin, wielding a +0 dagger (strong, 74% to hit)
The blast of sand hits the goblin!
You kill the goblin!
Robin throws the goblin at you!
You die...

........... ..#
#######.### #.#
######'### #.#
#........#
#.####........#
##.............# .
........###'###
...g######.......###.###
...gggg@g........##.....
....l#####.......##.....
... ###.......##..... .
#.........##.....
#...###.####.....
#...†....###.....
#........†.......
###..............
#..............


You could see Robin, 2 hobgoblins, 3 goblins and a frilled lizard.

Vanquished Creatures
  A dart slug (D:2)
  A giant cockroach (D:1)
  3 hobgoblins
  4 jackals (D:1)
  4 bats
  2 frilled lizards (D:1)
  10 goblins
  2 kobolds (D:1)
  2 rats
29 creatures vanquished.

Notes
Turn   | Place    | Note
-------+----------+-------------------------------------------
     0 | D:1      | safid the Gargoyle Earth Elementalist began the quest for
                  | the Orb.
     0 | D:1      | Reached XP level 1. HP: 10/10 MP: 3/3
   264 | D:1      | Cast into level 1 of the Abyss (goblin)
   281 | D:1      | Escaped the Abyss
   397 | D:1      | Reached skill level 1 in Transmutations
   397 | D:1      | Reached XP level 2. HP: 7/16 MP: 3/5
   611 | D:1      | Found a faded altar of an unknown god.
  1461 | D:1      | Reached skill level 1 in Fighting
  1795 | D:2      | Reached skill level 4 in Earth Magic
  1795 | D:2      | Reached XP level 3. HP: 18/20 MP: 6/6
  1853 | D:2      | Noticed Robin
  1861 | D:2      | HP: 1/20 [goblin/+0 dagger[Robin] (3)]
  1865 | D:2      | Hit by a goblin thrown by Robin

Illustrated notes

Levels and vault maps discovered:
D:1:      denvon_arrival_planthouse, layout_basic,
          shapermc_ecumenical_altar_mp_highgroup
D:2:      layout_basic, minmay_goblin_kobold_house, uniq_sigmund, uniq_robin

Skill      XL: |  1  2  3 |
---------------+----------+-----
Transmutations | 1 |  1.0
Fighting       | 1 |  1.2
Earth Magic    | 4 |  4.0
Dodging        | 2 |  2.0
Stealth        | |  2.1
Spellcasting   | |  2.3

Action                   || total
-------------------------++-------
Melee: Hand axe          ||    80
       Unarmed           ||    12
       Punch             ||     2
 Cast: Sandblast         ||    10
 Stab: Sleeping          ||     1
Armor: Robe              ||    51
Dodge: Dodged            ||    83
